 Dungeon Crawl Stone Soup version 0.25-a0-803-g58bd18402a (webtiles) character file.

Game seed: 2517631343437349758, levelgen mode: deterministic

159 Maedhros the Charlatan (level 5, -2/33 HPs)
             Began as an Octopode Artificer on Apr 19, 2020.
             Slain by a sky beast (5 damage)
             ... on level 5 of the Dungeon.
             The game lasted 00:01:18 (567 turns).

Maedhros the Charlatan (Octopode Artificer)          Turns: 567, Time: 00:01:19

Health: -2/33      AC:  1    Str: 11    XL:     5   Next: 40%
Magic:  8/8        EV: 13    Int: 13    God:
Gold:   36         SH:  0    Dex: 14    Spells: 4/4 levels left

rFire    . . .     SeeInvis .   e - +0 spear (vorpal)
rCold    . . .     Gourm    .   (no shield)
rNeg     . . .     Faith    .   (helmet restricted)
rPois    .         Spirit   .   (no amulet)
rElec    .         Reflect  .   (no ring)
rCorr    .         Harm     .   (no ring)
MR       .....                  (no ring)
Stlth    +++.......             (no ring)
HPRegen  0.11/turn              (no ring)
MPRegen  0.11/turn              (no ring)
                                (no ring)
                                (no ring)

@: no status effects
A: almost no armour, stealthy swim, amphibious, 8 rings, constrict 8, camouflage
1, gelatinous body 1
a: no special abilities


You were on level 5 of the Dungeon.
You were not hungry.

You visited 1 branch of the dungeon, and saw 5 of its levels.

You collected 36 gold pieces.

Inventory:

Hand Weapons
 a - a +0 short sword
 e - a +0 vorpal spear (weapon)
Missiles
 h - 4 boomerangs (quivered)
Wands
 b - a wand of flame (11)
 c - a wand of enslavement (11)
 d - a wand of random effects (13)
Scrolls
 g - a scroll of fear {unknown}
 l - a scroll of fog {unknown}
Potions
 i - 2 potions of haste {unknown}
 j - a potion of lignification {unknown}
 k - a potion of heal wounds {unknown}
 m - a potion of stabbing {unknown}
Comestibles
 f - a ration


   Skills:
 - Level 1.0 Fighting
 - Level 1.0 Short Blades
 - Level 2.0 Dodging
 + Level 3.7 Stealth
 * Level 3.3 Unarmed Combat
 + Level 4.3 Evocations


You had 4 spell levels left.
You didn't know any spells.
Your spell library was empty.

Dungeon Overview and Level Annotations

Branches:
Dungeon (5/15)
 Temple: D:4-7

Altars:
Fedhas
Okawaru


Innate Abilities, Weirdness & Mutations

You cannot wear most types of armour.
You are very stealthy in the water. (Stealth+)
You are amphibious.
You can wear up to eight rings at the same time.
You can use your tentacles to constrict eight enemies at once.
Your skin changes colour to match your surroundings (Stealth+).
Your rubbery body absorbs attacks. (AC +1, EV +1)


Message History

Evoke which item? (* to show all) (? for menu, Esc to quit)
Aiming: Enslavement
Press: ? - help, Shift-Dir - straight line, f - orc, p - adder
Aim: an orc (chance to defeat MR: 75%)
The sky beast resists with significant effort.
The sky beast hits you. The sky beast shocks you.
* * * LOW HITPOINT WARNING * * *
The orc closely misses you.
Your adder bites the sky beast but does no damage.
Your adder closely misses the orc.
Your adder bites the orc.
Okay, then.
Sorry, you're not good enough to have a special ability.
Unknown command.
The sky beast flickers out of sight!
Deactivating autopickup; reactivate with Ctrl-A.
Something hits you.
* * * LOW HITPOINT WARNING * * *
Something shocks you.
You die...

........##.#######
.?....#.##.#
###.#...##.#
#.#.####.#
#.#.####.# . #.#
#....# ..####.
#.####
.......###.#
........[@.#
#......<.###
######...# #...#
#...#######
#.........#
#...#####.#
#.#######.#
###≈≈≈≈≈#.#


There were no monsters in sight!

Vanquished Creatures
  Menkaure (D:4)
  An adder (D:5)
  A shadow imp (D:5)
  2 dart slugs (D:1)
  2 giant cockroaches
  2 goblins (D:1)
  A hobgoblin (D:1)
  4 jackals (D:1)
  2 bats
  2 frilled lizards
  2 kobolds
20 creatures vanquished.

Notes
Turn   | Place    | Note
-------+----------+-------------------------------------------
     0 | D:1      | Maedhros the Octopode Artificer began the quest for the
                  | Orb.
     0 | D:1      | Reached XP level 1. HP: 13/13 MP: 3/3
    46 | D:1      | Reached skill level 1 in Unarmed Combat
    46 | D:1      | Reached XP level 2. HP: 15/18 MP: 4/4
   361 | D:3      | You fall into a shaft and drop 1 floor!
   405 | D:4      | Noticed Menkaure
   409 | D:4      | Killed Menkaure
   409 | D:4      | Reached skill level 4 in Evocations
   409 | D:4      | Reached XP level 3. HP: 13/23 MP: 4/6
   409 | D:4      | Reached XP level 4. HP: 16/28 MP: 4/7
   409 | D:4      | Reached XP level 5. HP: 19/33 MP: 4/8
   424 | D:5      | Entered Level 5 of the Dungeon
   443 | D:5      | HP: 1/33 [poisoned by an adder]
   509 | D:5      | Found a blossoming altar of Fedhas.
   540 | D:5      | Found an iron altar of Okawaru.
   549 | D:5      | Noticed a sky beast
   567 | D:5      | Slain by a sky beast

Levels and vault maps discovered:
D:1:      saegor_arrival_miasma, layout_basic
D:2:      layout_basic
D:3:      layout_rooms, lemuel_crystal_altar, uniq_crazy_yiuf_cottage
D:4:      layout_loops_corners, marbit_many_paths, first_ration, uniq_robin,
          uniq_edmund, uniq_ijyb, uniq_duvessa, uniq_menkaure
D:5:      layout_basic, kennysheep_little_box, okawaru_ov_weapons_minmay,
          uniq_grinder, uniq_pikel, uniq_blork_the_orc

Skill      XL: |  1  2 |
---------------+-------+-----
Unarmed Combat | 1 3 |  3.3
Stealth        | 3 |  3.7
Evocations     | 4 |  4.3
Fighting       | |  1.0
Short Blades   | |  1.0
Dodging        | |  2.0

Action                   |  1- 3 |  4- 6 || total
-------------------------+-------+-------++-------
Melee: Short sword       |     8 |       ||     8
       Constrict         |     6 |     3 ||     9
       Tentacles         |     5 |     2 ||     7
       Spear             |    21 |     9 ||    30
Evoke: Wand              |     3 |     7 ||    10
 Stab: Sleeping          |     6 |     1 ||     7
Armor: Skin              |     1 |       ||     1
Dodge: Dodged            |    10 |     3 ||    13

Table legend:
 A = Non-vault XP
 B = Vault XP
 C = Vault XP percentage of total XP
 D = Non-vault monster count
 E = Vault monster count
 F = Vault count percentage of total count
                 A         B        C        D         E       F
            +---------+---------+-------+---------+---------+-------
      Total |      56 |     172 |  75.4 |      19 |       1 |   5.0
            +---------+---------+-------+---------+---------+-------
        D:1 |      27 |       0 |   0.0 |      13 |       0 |   0.0
        D:2 |       2 |       0 |   0.0 |       2 |       0 |   0.0
        D:3 |       1 |       0 |   0.0 |       1 |       0 |   0.0
        D:4 |       2 |     172 |  98.9 |       1 |       1 |  50.0
        D:5 |      24 |       0 |   0.0 |       2 |       0 |   0.0
            +---------+---------+-------+---------+---------+-------
